 Dungeon Crawl Stone Soup version 0.17-a0-1731-g129c023 (webtiles) character file.

91 Goblin1989 the Scratcher (level 4, -4/19 HPs)
             Began as a Felid Transmuter on Aug 29, 2015.
             Slain by an adder (5 damage)
             ... on level 3 of the Dungeon.
             The game lasted 00:13:12 (3083 turns).

Goblin1989 the Scratcher (Felid Transmuter)         Turns: 3083, Time: 00:13:13

Health: -4/19      AC:  1    Str:  6    XL:     4   Next: 34%
Magic:  8/8        EV: 18    Int: 15    God:
Gold:   91         SH:  0    Dex: 16    Spells: 3 memorised, 0 levels left
                                        Lives:  0   Deaths: 1

rFire  + . .     SeeInvis +       - Unarmed
rCold  + . .     Clarity  .     (armour unavailable)
rNeg   . . .     SustAt   .     (shield unavailable)
rPois  +         Gourm    .     (helmet unavailable)
rElec  +         Spirit   .     (cloak unavailable)
rCorr  +         Warding  .     (gloves unavailable)
rMut   .         Stasis   .     (boots unavailable)
MR     .....                    (no amulet)
Stlth  ++........               (no ring)
                                r - ring of loudness (curse)

@: lethally poisoned (-4 -> -9), appendage (expiring), resistant, quick, not
resistant to hostile enchantments, unstealthy
A: no armour, no weapons or thrown items, claws 1, fangs 3, horns 2, see
invisible, carnivore 3, speed 1, shaggy fur 1, slow metabolism 1, sharp paws
a: End Transformation


You were on level 3 of the Dungeon.
You were not hungry.
You had grown temporary horns.
You visited 1 branch of the dungeon, and saw 3 of its levels.

You collected 91 gold pieces.

Inventory:

Missiles
 a - 29 arrows
 n - 10 arrows of frost
Jewellery
 r - a cursed ring of loudness (left paw)
Scrolls
 e - a scroll of amnesia
 f - a scroll of noise {unknown}
 g - 3 scrolls of teleportation
 h - a scroll of fear
Potions
 d - a potion of cure mutation
 j - 2 potions of brilliance
Books
 b - a book of Changes

   Spells                             Type                      Level
   a - Beastly Appendage              Transmutation                1
   b - Sticks to Snakes               Transmutation                2
   c - Spider Form                    Transmutation/Poison         3
   d - Ice Form                       Ice/Transmutation            4
   e - Blade Hands                    Transmutation                5
Comestibles
 c - 2 meat rations
 i - a beef jerky
 k - a slice of pizza


   Skills:
 - Level 1.0 Fighting
 - Level 2.6 Dodging
 + Level 3.3 Stealth
 - Level 4.4 Unarmed Combat
 - Level 2.0 Spellcasting
 * Level 3.1 Transmutations
 * Level 1.5 Ice Magic


You couldn't memorise any spells.
You knew the following spells:

 Your Spells              Type           Power        Failure   Level  Hunger
a - Beastly Appendage     Trmt           ##....       8%          1    #......
b - Sticks to Snakes      Trmt           ##........   12%         2    ###....
c - Ice Form              Ice/Trmt       #.......     87%         4    #####..


Dungeon Overview and Level Annotations

Branches:
Dungeon (3/15)

Altars:


Innate Abilities, Weirdness & Mutations

You cannot wear armour.
You are incapable of wielding weapons or throwing items.
You have sharp claws.
You have razor-sharp teeth.
You have supernaturally acute eyesight.
You are carnivorous and can eat meat at any time.
You cover ground quickly.
You are covered in fur (AC +1).
You have a slow metabolism.
Your sharp claws are effective at attacking unaware monsters.
You have a pair of horns on your head.


Message History

* * * LOW HITPOINT WARNING * * *
The adder bites you.
* * * LOW HITPOINT WARNING * * *
You scratch the adder.
You headbutt the adder, but do no damage.
The adder is almost dead.
The adder completely misses you.
You miss the adder. Your bite misses the adder.
The adder is almost dead.
* * * LOW HITPOINT WARNING * * *
You feel sick. The adder misses you.
Drink which item? (? for menu, Esc to quit)
It was a potion of resistance.
You feel protected. The adder misses you.
Unknown command.
You barely miss the adder.
The adder is almost dead.
The adder bites you.
You die...

#.# #...# #.#
#.### ..# #.#
.#### #.# ....#
#.# ###.# #.# #.#
#.# ###.#
###.#####.# ###
.##># ......S@..#
### #.. .##.#
.##.####.......#
#.. )...# ...
#.#####.# ####..
.#####.. ..
#.#####.# #.....
........ .. #
#.##....####.....
#######. #. .#
#.##.##..........
..# #.##.##.
#.......#######..
#.# #......
#.......# #.. #.#
#...# ##.##.##.#
#..


You could see an adder.

Vanquished Creatures
  An orc priest (D:3)
  Jessica (D:3)
  4 adders
  3 worms (D:2)
  3 giant geckos (D:1)
  3 orcs (D:3)
  3 giant cockroaches
  8 goblins
  6 hobgoblins
  6 kobolds
  A quokka (D:2)
  A ball python (D:1)
  10 bats
  4 giant newts
  3 rats
57 creatures vanquished.

Notes
Turn   | Place    | Note
--------------------------------------------------------------
     0 | D:1      | Goblin1989 the Felid Transmuter began the quest for the Orb.
     0 | D:1      | Reached XP level 1. HP: 9/9 MP: 4/4
   100 | D:1      | Reached skill level 1 in Stealth
   275 | D:1      | Reached XP level 2. HP: 10/12 MP: 4/6
   279 | D:1      | Learned a level 2 spell: Sticks to Snakes
  1040 | D:2      | Reached XP level 3. HP: 15/15 MP: 7/7
  1099 | D:2      | Reached skill level 4 in Unarmed Combat
  1628 | D:2      | Reached XP level 4. HP: 19/19 MP: 8/8
  1637 | D:2      | Learned a level 4 spell: Ice Form
  2516 | D:3      | Noticed Jessica
  2520 | D:3      | Killed Jessica
  2560 | D:3      | Reached skill level 1 in Ice Magic
  2634 | D:3      | Slain by an orc priest
  2635 | D:3      | Reached XP level 3. HP: -3/15 MP: 7/7
  2756 | D:3      | Reached XP level 4. HP: 6/19 MP: 6/8
  3083 | D:3      | Slain by an adder

Vault maps used:
D:1:      matt_arrival_refuge, moated_statue, hex_medium, minmay_distorted
D:2:      serial_co_window_serial, co_window_of_opportunity_a,
          co_window_paths_b, co_window_paths_a, co_window_paths_a,
          co_window_of_opportunity_a, co_window_2corner,
          co_window_of_opportunity_b, co_window_unsneaky_path_e,
          glass_columns_a, first_bread
D:3:      lemuel_upstairs_altar, lemuel_doored_altar, uniq_jessica, uniq_sigmund

Action                   |  1- 3 |  4- 6 || total
-------------------------+-------+-------++-------
Melee: Unarmed           |    92 |    39 ||   131
 Cast: Beastly Appendage |    29 |    14 ||    43
       Sticks to Snakes  |     1 |       ||     1
  Use: Scroll            |    10 |     1 ||    11
       Potion            |     2 |     1 ||     3
 Stab: Sleeping          |    10 |     4 ||    14
  Eat: Chunk             |     9 |     2 ||    11
